 Dungeon Crawl Stone Soup version 0.17-a0-1923-gc35365e (webtiles) character file.

129 musteatbrain the Chopper (level 4, -5/42 HPs)
             Began as a Minotaur Fighter on Sept 28, 2015.
             Slain by an iguana (8 damage)
             ... on level 4 of the Dungeon.
             The game lasted 00:04:59 (2192 turns).

musteatbrain the Chopper (Minotaur Fighter)         Turns: 2192, Time: 00:04:59

Health: -5/42      AC:  7    Str: 21    XL:     4   Next: 88%
Magic:  3/3        EV:  7    Int:  5    God:
Gold:   200        SH:  9    Dex: 10    Spells: 0 memorised, 3 levels left

rFire  . . .     SeeInvis .     a - +0 war axe
rCold  . . .     Clarity  .     b - +1 scale mail
rNeg   . . .     SustAt   .     c - +0 shield
rPois  .         Gourm    .     (helmet restricted)
rElec  .         Spirit   .     (no cloak)
rCorr  .         Warding  .     (no gloves)
rMut   .         Stasis   .     (no boots)
MR     .....                    v - amulet of inaccuracy (curse)
Stlth  ..........               (no ring)
                                (no ring)

@: not resistant to hostile enchantments, extremely unstealthy
A: retaliatory headbutt, horns 2
a: no special abilities


You were on level 4 of the Dungeon.
You were not hungry.

You visited 1 branch of the dungeon, and saw 4 of its levels.

You collected 200 gold pieces.

Inventory:

Hand weapons
 a - a +0 war axe (weapon)
Armour
 b - a +1 scale mail (worn)
 c - a +0 shield (worn)
Jewellery
 e - an uncursed ring of flight {unknown}
 v - a cursed amulet of inaccuracy (around neck)
Magical devices
 p - a wand of random effects (41)
 x - a wand of frost (18)
Scrolls
 j - 2 scrolls of fear
 k - 2 scrolls of identify
 n - a scroll of remove curse {unknown}
 s - 2 scrolls of teleportation {unknown}
Potions
 d - a potion of might
 f - a potion of agility
 g - 2 potions of haste {unknown}
 i - a potion of flight
 m - a potion of lignification
 q - a potion of cancellation
 t - 2 potions of poison {unknown}
 u - 2 potions of heal wounds {unknown}
 w - a potion of cure mutation {unknown}
Books
 y - a book of Ice

   Spells                             Type                      Level
   a - Ice Form                       Ice/Transmutation            4
   b - Metabolic Englaciation         Hexes/Ice                    5
   c - Ozocubu's Refrigeration        Ice                          6
   d - Bolt of Cold                   Conjuration/Ice              6
   e - Freezing Cloud                 Conjuration/Ice/Air          6
   f - Simulacrum                     Ice/Necromancy               6
Comestibles
 h - 4 fruits
 l - 2 beef jerkies
 r - a slice of pizza
 z - a meat ration


   Skills:
 + Level 5.0 Fighting
 * Level 5.1 Axes
 - Level 3.6 Armour
 - Level 3.6 Shields


You had 3 spell levels left.
You didn't know any spells.

Dungeon Overview and Level Annotations

Branches:
Dungeon (4/15)
 Temple: D:4-7

Altars:
Nemelex Xobeh
Okawaru
Ru
Zin
The Shining One


Innate Abilities, Weirdness & Mutations

You reflexively headbutt those who attack you in melee.
You have a pair of horns on your head.


Message History

You're too confused!
You feel agile all of a sudden.
The iguana bites you but does no damage.
Something hits you but does no damage.
It was a potion of cancellation.
Your magical effects are unravelling.
You feel magically purged.
You feel less confused.
You feel a little less mighty now.
You feel a little less agile now.
The iguana bites you but does no damage.
You block its attack.
You closely miss something. You closely miss the iguana.
The iguana is almost dead.
You feel less woody.
Your +1 scale mail unmelds from your body.
The iguana bites you but does no damage.
Something hits you.
* * * LOW HITPOINT WARNING * * *
Something hits you but does no damage. The iguana bites you!
You die...

.............##.#
#...............#
#..............##
#.............##
#..............##
#...............##
##...............#
#...............##
.###.........#@{##
#####...####l.# .
##### #oo..# ..
...o...# ..
..........# ..
............# ##
.............#
..#..........#
##..(........#


You could see an iguana and 2 orcs.

Vanquished Creatures
  A worker ant (D:4)
  3 adders
  An adder zombie (D:3)
  3 worms
  A giant gecko (D:2)
  6 orcs
  5 bats
  4 giant cockroaches
  4 goblins
  9 hobgoblins
  3 quokkas
  A ball python (D:2)
  3 giant newts
  9 kobolds
  6 rats
59 creatures vanquished.

Notes
Turn   | Place    | Note
--------------------------------------------------------------
     0 | D:1      | musteatbrain the Minotaur Fighter began the quest for the Orb.
     0 | D:1      | Reached XP level 1. HP: 19/19 MP: 0/0
    94 | D:1      | Reached XP level 2. HP: 25/27 MP: 1/1
   277 | D:1      | Reached skill level 4 in Fighting
   789 | D:2      | Reached XP level 3. HP: 20/33 MP: 2/2
  1211 | D:2      | Found an iron altar of Okawaru.
  1383 | D:3      | Reached XP level 4. HP: 41/41 MP: 3/3
  1527 | D:3      | Found a glowing silver altar of Zin.
  1623 | D:3      | Found a glowing golden altar of the Shining One.
  1701 | D:3      | Found an iron altar of Okawaru.
  1705 | D:3      | Found a sacrificial altar of Ru.
  2141 | D:4      | Found a sparkling altar of Nemelex Xobeh.
  2168 | D:4      | Reached skill level 5 in Axes
  2184 | D:4      | Reached skill level 5 in Fighting
  2192 | D:4      | Slain by an iguana

Vault maps used:
D:1:      wheals_arrival_shading
D:2:      nicolae_overflow_hidden_temple, okawaru_metal_pillars_1_2
D:3:      tso_metal_star, lemuel_coloured_pillars_altar,
          grunt_temple_overflow_open, kennysheep_flooded_box
D:4:      nemelex_xobeh_ov_fountains_minmay, kiku_gazebo_pond_becter,
          temple_hall, first_bread, serial_bayou_pond_a, nicolae_alphabet_shops

Action                   |  1- 3 |  4- 6 || total
-------------------------+-------+-------++-------
Melee: War axe           |    86 |    70 ||   156
  Use: Scroll            |       |     9 ||     9
       Potion            |       |     5 ||     5
  Eat: Chunk             |     1 |     1 ||     2
       Bread ration      |       |     1 ||     1
